 Dungeon Crawl Stone Soup version 0.23.0 (webtiles) character file.

Game seed: 8748973236421350662

55290 KamiKatze the Cleaver (level 14, -8/92 HPs)
             Began as a Gargoyle Berserker on Feb 10, 2019.
             Was a High Priest of Trog.
             Killed by divine providence
             ... invoked by an orc priest
              (14 damage)
             ... on level 2 of the Orcish Mines.
             The game lasted 01:42:21 (20581 turns).

KamiKatze the Cleaver (Gargoyle Berserker)         Turns: 20581, Time: 01:42:22

Health: -8/92      AC: 27    Str: 32    XL:     14   Next: 76%
Magic:  15/15      EV: 14    Int:  7    God:    Trog [*****.]
Gold:   1705       SH:  0    Dex: 12    Spells: 13/13 levels left

rFire    + . .     SeeInvis .   b - +6 battleaxe (freeze)
rCold    . . .     Gourm    .   (shield currently unavailable)
rNeg     + . .     Faith    .   Z - +0 chain mail {rF+}
rPois    ∞         Spirit   .   U - +0 helmet
rElec    +         Reflect  .   g - +0 cloak
rCorr    .         Harm     .   (no gloves)
MR       +++..                  E - +0 pair of boots
Stlth    ..........             (no amulet)
HPRegen  1.25/turn              i - +3 ring of dexterity
MPRegen  0.14/turn              I - +5 ring of strength

@: flying, regenerating
A: big wings, negative energy resistance 1, electricity resistance, unbreathing,
petrification resistance, rot immunity, AC +10
a: Stop Flying, Berserk, Trog's Hand, Brothers in Arms, Renounce Religion


You were on level 2 of the Orcish Mines.
You worshipped Trog.
Trog was extremely pleased with you.
You were not hungry.

You visited 5 branches of the dungeon, and saw 21 of its levels.
You also visited: Volcano.

You collected 1715 gold pieces.
You spent 10 gold pieces at shops.

Inventory:

Hand Weapons
 a - a +1 broad axe of chopping
 b - a +6 battleaxe of freezing (weapon)
 e - a +1 scimitar of flaming
 q - a +1 antimagic battleaxe
 w - a +1 morningstar of freezing
Missiles
 f - 4 tomahawks of returning
 j - 522 stones
 D - 8 tomahawks (quivered)
 K - 8 silver javelins
 L - 2 throwing nets
 W - 7 javelins
 Y - 8 steel javelins
Armour
 g - a +0 cloak (worn)
 s - a +0 plate armour
 E - a +0 pair of boots (worn)
 U - a +0 helmet (worn)
 Z - a +0 chain mail of fire resistance (worn)
Jewellery
 i - a +3 ring of dexterity (left hand)
 I - a +5 ring of strength (right hand)
Wands
 p - a wand of acid (7)
 x - a wand of disintegration (15)
 B - a wand of paralysis (28)
 J - a wand of flame (33)
 M - a wand of polymorph (6)
 Q - a wand of digging (14)
Potions
 h - a potion of heal wounds {unknown}
Comestibles
 c - 34 rations
 d - 3 chunks of flesh


   Skills:
 + Level 12.7 Fighting
 * Level 14.5 Axes
 + Level 12.4 Armour
 + Level 9.9 Dodging
 - Level 2.0 Evocations


You had 13 spell levels left.
You didn't know any spells.
Your spell library was empty.

Dungeon Overview and Level Annotations

Branches:
Dungeon (11/15)            Temple (1/1) D:6            Lair (6/6) D:11
  Swamp (1/4) Lair:4       Spider (0/4) Lair:4          Orc (2/2) D:11
    Elf (0/3) Orc:2
  Slime: Lair:5-6

Altars:
Ashenzari
Cheibriados
Dithmenos
Elyvilon
Fedhas
Gozag
Hepliaklqana
Kikubaaqudgha
Makhleb
Nemelex Xobeh
Okawaru
Qazlal
Ru
Sif Muna
Trog
Uskayaw
Vehumet
Wu Jian
Xom
Yredelemnul
Zin
The Shining One

Shops:
D:4 !   D:8 (   Orc:2 }

Portals:
Trove: D:11 (give +8 demon trident)

Annotations:
D:4 1 runed translucent door
D:10 2 runed translucent doors, Raseutoth's ghost, journeyman MiBe
Lair:1 exclusion: 2 oklob plants
Lair:5 exclusion: 5 oklob plants


Innate Abilities, Weirdness & Mutations

You are resistant to torment.
Your stone body is resilient. (AC +10)
You are immune to poison.
Your large and strong wings let you fly indefinitely.
You resist negative energy. (rN+)
You are resistant to electric shocks. (rElec)
You can survive without breathing.
You are immune to petrification.
You are immune to rotting.


Message History

* * * LOW HITPOINT WARNING * * *
The orc priest mumbles some strange prayers to Beogh against you.
Beogh smites you!
* * * LOW HITPOINT WARNING * * *
You hear a shout!
Okay, then.
Your skin crawls.
You feel resistant to hostile enchantments.
You feel quite a bit more hungry.
The orc wizard shouts!
The orc priest casts a cantrip, but nothing happens.
The sun demon closely misses you.
An orc priest comes into view. It is wielding a +0 flail.
The orc high priest hits you but does no damage.
The orc high priest prays to Beogh.
The sun demon hits you but does no damage.
The sun demon disappears in a puff of smoke!
The orc priest mumbles some strange prayers to Beogh against you.
Beogh smites you!
You die...

.. #..#.## ###..........
....#.....### ##.##......<#.
#..#.......## #...###.......
#....(......# ##.#.#........
#...o.o....## ####....#.......
#...........###......#.)..#...
#..#..oo...###.....#.##.......
#..o..4###.................
#......o§.@.....#..........
#......4o.)#...............
#..#.###4##................
#..### ####.......#........
#... ###....#.....#.##....
#...# ##.....###.....#.#....
... #....### ###.[........
##.### ####).....).. ###
##...#........


You could see an orc high priest, an orange demon, an ice devil, a rust devil, 2
orc priests and an orc wizard.

Vanquished Creatures
  An ettin (Orc:2)
  Fannar (Lair:1)
  Harold (D:7)
  Erolcha (D:10)
  A vault guard (D:11)
  A catoblepas (Lair:5)
  Erica (Orc:1)
  6 hydras
  3 death yaks
  Urug (Lair:1)
  Sonja (D:10)
  Nergalle (Lair:1)
  An unseen horror (D:10)
  An orc knight (Orc:1)
  An orc sorcerer (D:11)
  2 ugly things (D:11)
  2 cyclopes
  6 elephants
  Joseph (D:8)
  3 black mambas
  13 spiny frogs
  A centaur skeleton (D:11)
  10 komodo dragons
  5 polar bears (Lair:2)
  4 jumping spiders (Lair:4)
  2 trolls
  14 blink frogs
  6 dream sheep (Lair:6)
  5 hippogriffs
  4 bog bodies (Lair:4)
  4 redbacks (Lair:4)
  Sigmund (D:2)
  38 yaks
  2 wyverns
  4 basilisks
  2 fire bats (Volcano)
  A swamp worm (Lair:4)
  A warg (D:11)
  6 water moccasins
  14 porcupines
  A floating eye (Lair:5)
  5 ice beasts
  16 orc warriors
  2 phantoms
  8 black bears
  A necrophage (D:11)
  18 ogres
  5 sky beasts
  15 wolves
  2 centaurs
  15 crocodiles
  A big kobold (D:9)
  15 bullfrogs
  2 scorpions
  18 killer bees
  3 howler monkeys
  An electric eel (Lair:4)
  8 wights
  3 centaur zombies
  6 crimson imps
  A quasit (D:7)
  3 jellies
  A bullfrog zombie (D:8)
  10 hounds
  A gnoll shaman (Orc:1)
  18 orc priests
  15 orc wizards
  2 bullfrog skeletons (D:4)
  5 iguanas
  9 worker ants
  A killer bee zombie (D:7)
  A hound skeleton (D:3)
  A worker ant zombie (D:9)
  Robin (D:2)
  9 gnolls
  7 adders
  2 shadow imps
  An adder skeleton (D:4)
  A worm (D:4)
  A dart slug (D:1)
  6 leopard geckos
  62 orcs
  3 giant cockroaches
  17 goblins
  15 hobgoblins
  13 jackals
  3 quokkas
  7 bats
  3 frilled lizards
  2 jackal skeletons
  9 kobolds
  7 rats
  8 fungi
  5 plants
568 creatures vanquished.

Vanquished Creatures (others)
  An orc (Orc:1)
  A bush (Lair:3)
  57 fungi
  23 plants
82 creatures vanquished.

Grand Total: 650 creatures vanquished

Notes
Turn   | Place    | Note
-------+----------+-------------------------------------------
     0 | D:1      | KamiKatze the Gargoyle Berserker began the quest for the
                  | Orb.
     0 | D:1      | Reached XP level 1. HP: 14/14 MP: 1/1
    54 | D:1      | Reached XP level 2. HP: 8/19 MP: 2/2
    60 | D:1      | Reached skill level 3 in Axes
   284 | D:1      | Reached XP level 3. HP: 19/23 MP: 3/3
   404 | D:1      | Reached ** piety under Trog
  1034 | D:2      | Noticed Robin
  1070 | D:2      | Killed Robin
  1070 | D:2      | Reached XP level 4. HP: 28/29 MP: 4/4
  1279 | D:2      | Noticed Sigmund
  1288 | D:2      | Killed Sigmund
  1288 | D:2      | Reached skill level 4 in Axes
  1288 | D:2      | Reached XP level 5. HP: 34/34 MP: 5/5
  1288 | D:2      | Reached XP level 6. HP: 39/39 MP: 6/6
  2209 | D:4      | Noticed a phantom
  2246 | D:4      | Found Sujama's Distillery.
  2282 | D:4      | Bought a potion of degeneration for 10 gold pieces
  2629 | D:4      | Reached XP level 7. HP: 44/44 MP: 7/7
  2718 | D:4      | Reached skill level 5 in Axes
  2755 | D:4      | Reached skill level 1 in Evocations
  2870 | D:4      | Noticed a human
  2873 | D:4      | Found a runed translucent door.
  2877 | D:4      | Found a basalt altar of Yredelemnul.
  2961 | D:4      | Reached skill level 5 in Fighting
  3112 | D:5      | Entered Level 5 of the Dungeon
  3166 | D:5      | Reached *** piety under Trog
  3327 | D:5      | Reached XP level 8. HP: 45/49 MP: 9/9
  3486 | D:5      | Reached skill level 6 in Axes
  3623 | D:5      | Reached skill level 5 in Armour
  3906 | D:6      | Found a staircase to the Ecumenical Temple.
  3915 | Temple   | Entered the Ecumenical Temple
  4178 | D:6      | Reached XP level 9. HP: 44/55 MP: 10/10
  4333 | D:6      | Reached skill level 7 in Axes
  4365 | D:6      | You fall through a shaft for 2 floors!
  4448 | D:7      | Found a bloodstained altar of Trog.
  5420 | D:7      | Found a white marble altar of Elyvilon.
  5859 | D:7      | Noticed Harold
  5900 | D:7      | Killed Harold
  5900 | D:7      | Reached skill level 8 in Axes
  5900 | D:7      | Reached skill level 5 in Dodging
  5909 | D:7      | Reached XP level 10. HP: 63/63 MP: 11/11
  6613 | D:8      | Reached **** piety under Trog
  6684 | D:8      | Noticed Joseph
  6699 | D:8      | Killed Joseph
  6818 | D:8      | Reached skill level 9 in Axes
  7192 | D:8      | Found Gusin's Antique Weapon Boutique.
  7752 | D:9      | Reached XP level 11. HP: 54/69 MP: 12/12
  8062 | D:9      | Reached skill level 10 in Axes
  8402 | D:10     | Entered Level 10 of the Dungeon
  8594 | D:10     | Noticed Sonja
  8943 | D:10     | Noticed Erolcha
  8956 | D:10     | Killed Erolcha
  9080 | D:10     | Found a large runed translucent door.
  9080 | D:10     | Found a large runed translucent door.
  9081 | D:10     | Reached ***** piety under Trog
  9176 | D:10     | Noticed Raseutoth's ghost (journeyman MiBe)
  9342 | D:10     | Got a scorched war axe
  9343 | D:10     | Identified the +9 war axe "Mefef" {pain, *Rage rElec MR-
                  | Dex+6} (You found it on level 10 of the Dungeon)
  9642 | D:10     | Killed Sonja
 10102 | D:11     | Noticed a white ugly thing
 10149 | D:10     | Killed an unseen horror
 10274 | D:11     | Received a gift from Trog
 10286 | D:11     | Reached skill level 11 in Axes
 10408 | D:11     | Noticed a red ugly thing
 10417 | D:11     | Killed a red ugly thing
 10427 | D:11     | Killed a white ugly thing
 10427 | D:11     | Reached XP level 12. HP: 71/77 MP: 13/13
 10648 | D:11     | Reached skill level 10 in Fighting
 10667 | D:11     | Received a gift from Trog
 10812 | D:11     | Found a staircase to the Orcish Mines.
 10849 | D:11     | Found a staircase to the Lair.
 11190 | D:11     | Noticed a vault guard
 11233 | D:11     | Killed a vault guard
 11535 | D:11     | Found a portal to a secret trove of treasure.
 11604 | Lair:1   | Entered Level 1 of the Lair of Beasts
 11612 | Lair:1   | Noticed Urug
 11637 | D:11     | Reached skill level 10 in Armour
 12029 | Lair:1   | Paralysed by Urug for 5 turns
 12041 | Lair:1   | Killed Urug
 12302 | Lair:1   | Reached skill level 12 in Axes
 12845 | Lair:1   | Noticed an eight-headed hydra
 12878 | Lair:1   | Killed an eight-headed hydra
 12958 | Lair:1   | Noticed Fannar
 12962 | Lair:1   | Noticed Nergalle
 12963 | Lair:1   | Noticed a six-headed hydra
 13008 | D:11     | Killed a six-headed hydra
 13066 | Lair:1   | Killed Fannar
 13066 | Lair:1   | Reached XP level 13. HP: 84/84 MP: 4/14
 13136 | Lair:1   | Killed Nergalle
 13716 | Lair:2   | HP: 5/126 [komodo dragon (17)]
 13952 | Lair:2   | Found a dark tunnel.
 13959 | Volcano  | Entered a volcano
 14836 | Lair:3   | Reached skill level 13 in Axes
 16372 | Lair:4   | Received a gift from Trog
 16498 | Lair:4   | Gained mutation: Your large and strong wings let you fly
                  | indefinitely. [Gargoyle growth]
 16498 | Lair:4   | Reached XP level 14. HP: 66/92 MP: 15/15
 16527 | Lair:4   | You are sucked into a shaft for 2 floors!
 16527 | Lair:6   | Entered Level 6 of the Lair of Beasts
 16837 | Lair:5   | Reached skill level 14 in Axes
 17192 | Lair:4   | Found a staircase to the Swamp.
 17326 | Lair:4   | Found a hole to the Spider Nest.
 17400 | Swamp:1  | Entered Level 1 of the Swamp
 18034 | Lair:5   | Paralysed by a floating eye for 3 turns
 18931 | Orc:1    | Entered Level 1 of the Orcish Mines
 18942 | Orc:1    | Paralysed by an orc sorcerer for 5 turns
 19066 | Orc:1    | Noticed Erica
 19076 | Orc:1    | Killed Erica
 19372 | Orc:2    | Entered Level 2 of the Orcish Mines
 19469 | Orc:2    | Received a gift from Trog
 19880 | Orc:2    | HP: 3/138 [ettin/+0 dire flail (13)]
 20186 | Orc:2    | Found Ickevedwe's Gadget Emporium.
 20367 | Orc:2    | Found a staircase to the Elven Halls.
 20578 | Orc:2    | HP: 2/92 [orc priest/divine providence (12)]
 20581 | Orc:2    | Killed from afar by an orc priest

Skill      XL: |  1  2  3  4  5  6  7  8  9 10 11 12 13 14 |
---------------+-------------------------------------------+-----
Axes           | 3 4 5 6 8 9 11 12 13 14 | 14.5
Dodging        | 2 3 4 5 6 7 8 9 |  9.9
Fighting       | 4 5 6 7 8 9 11 12 | 12.7
Armour         | 3 4 5 6 8 9 10 11 12 | 12.4
Evocations     | 1 2 |  2.0

Action                   |  1- 3 |  4- 6 |  7- 9 | 10-12 | 13-15 || total
-------------------------+-------+-------+-------+-------+-------++-------
Melee: Hand axe          |   120 |   166 |   413 |   651 |       ||  1350
       War axe           |       |       |       |   482 |   277 ||   759
       Battleaxe         |       |       |       |    54 |   372 ||   426
       Morningstar       |       |       |       |     7 |    19 ||    26
       Broad axe         |       |       |       |       |    84 ||    84
Throw: Stone             |       |     4 |       |     2 |       ||     6
       Tomahawk          |       |       |       |    14 |    13 ||    27
Invok: Berserk           |     1 |     2 |     8 |    10 |     4 ||    25
       Trog's Hand       |       |     1 |     3 |     8 |    10 ||    22
 Abil: Fly               |       |       |       |       |     1 ||     1
  Eat: Chunk             |     2 |     6 |    14 |    24 |    28 ||    74
       Ration            |       |       |     2 |     4 |     1 ||     7
Armor: Animal skin       |    11 |       |       |       |       ||    11
       Ring mail         |    51 |       |       |       |       ||    51
       Scale mail        |    15 |    66 |   204 |       |       ||   285
       Plate armour      |       |       |    58 |   795 |       ||   853
       Chain mail        |       |       |       |   172 |   420 ||   592
Dodge: Dodged            |    84 |    90 |   239 |   660 |   535 ||  1608
